 Dungeon Crawl Stone Soup version 0.19.0-2-gae57169 (webtiles) character file.

78 spe3d0 the Conjurer (level 4, -2/24 HPs)
             Began as a Deep Elf Conjurer on Nov 6, 2016.
             Slain by a gnoll
             ... wielding a +0 spear
              (5 damage)
             ... on level 2 of the Dungeon.
             The game lasted 00:03:08 (1703 turns).

spe3d0 the Conjurer (Deep Elf Conjurer)             Turns: 1703, Time: 00:03:10

Health: -2/24      AC:  3    Str:  6    XL:     4   Next: 15%
Magic:  0/12       EV: 13    Int: 20    God:
Gold:   75         SH:  0    Dex: 15    Spells: 2 memorised, 9 levels left

rFire  . . .     SeeInvis .     (no weapon)
rCold  . . .     Gourm    .     a - +0 robe
rNeg   . . .     Faith    .     (no shield)
rPois  .         Spirit   .     j - +0 helmet
rElec  .         Reflect  .     (no cloak)
rCorr  .         Harm     .     (no gloves)
MR     .....                    (no boots)
Stlth  ++........               (no amulet)
                                (no ring)
                                (no ring)

@: no status effects
A: no striking features
a: no special abilities


You were on level 2 of the Dungeon.
You were not hungry.

You visited 1 branch of the dungeon, and saw 2 of its levels.

You collected 75 gold pieces.


   Skills:
 - Level 2.4 Dodging
 - Level 2.4 Stealth
 + Level 4.6 Spellcasting
 + Level 5.4 Conjurations


You had 9 spell levels left.
You knew the following spells:

 Your Spells              Type           Power        Failure   Level  Hunger
y - Searing Ray           Conj           ####..       1%          2    #......
z - Magic Dart            Conj           ####         1%          1    None

Inventory:

Armour
 a - a +0 robe (worn)
 j - a +0 helmet (worn)
Scrolls
 e - 2 scrolls of remove curse {unknown}
 f - 4 scrolls of identify {unknown}
 i - a scroll of teleportation {unknown}
 l - a scroll of blinking {unknown}
 m - a scroll of recharging {unknown}
Potions
 g - a potion of invisibility {unknown}
 h - 2 potions of curing {unknown}
Books
 b - a book of Conjurations

   Spells                             Type                      Level
   a - Magic Dart                     Conjuration                  1
   b - Searing Ray                    Conjuration                  2
   c - Dazzling Spray                 Conjuration/Hexes            3
   d - Fulminant Prism                Conjuration/Hexes            4
   e - Iskenderun's Mystic Blast      Conjuration                  4
   f - Iskenderun's Battlesphere      Conjuration/Charms           5
Comestibles
 c - 3 bread rations {@e1}
 d - 2 chunks of flesh
 k - 2 meat rations {@e1}

Dungeon Overview and Level Annotations

Branches:
Dungeon (2/15)

Altars:
Kikubaaqudgha

#.#...###..###
#####.#..........#
.........###+###.#
########.# #.# #.#
#.###.###.#
#.+.._..'.#
#.#######.# #.# ###
#.# ..# ### #@#
....).rg).# ..
####...#### #.#
##.. #.# #. ### #.#
..# #.# #.#
#.###### # #.#
#......###
#.#.######.........


You could see a gnoll and a rat.


Message History

Press: ? - help, Shift-Dir - straight line, f - gnoll
Aim: a gnoll, wielding a spear (hasn't noticed you)
The magic dart hits the gnoll.
The gnoll is severely wounded.
The gnoll shouts!
Casting: Magic Dart
Confirm with . or Enter, or press ? or * to list all spells.
Aiming: Magic Dart
Press: ? - help, Shift-Dir - straight line, f/p - gnoll
Aim: a gnoll, wielding a spear (severely wounded)
The magic dart hits the gnoll.
The gnoll is severely wounded.
You struggle against the net.
The gnoll hits you from afar with a spear!
A rat comes into view.
You struggle against the net.
The gnoll hits you from afar with a spear!
* * * LOW HITPOINT WARNING * * *
You struggle against the net.
The gnoll hits you but does no damage.
You struggle against the net.
The gnoll barely misses you.
You rip the net and break free!
The gnoll closely misses you.
Casting: Magic Dart
Confirm with . or Enter, or press ? or * to list all spells.
Aiming: Magic Dart
Press: ? - help, Shift-Dir - straight line, f/p - gnoll
Aim: a gnoll, wielding a spear (severely wounded)
The magic dart hits the gnoll.
The gnoll is almost dead.
The gnoll hits you from afar with a spear.
You die...

Skill      XL: |  1  2  3 |
---------------+----------+-----
Conjurations   | 5 |  5.4
Spellcasting   | 4 |  4.6
Dodging        | |  2.4
Stealth        | |  2.4

Action                   |  1- 3 |  4- 6 || total
-------------------------+-------+-------++-------
 Cast: Magic Dart        |    81 |     4 ||    85
       Searing Ray       |     1 |     1 ||     2
  Eat: Chunk             |     2 |       ||     2
Armor: Robe              |     2 |     1 ||     3
Dodge: Dodged            |     9 |     2 ||    11

Vault maps used:
D:1:      scummos_arrival_simple_fountains
D:2:      lemuel_doored_altar, first_bread

Notes
Turn   | Place    | Note
-------+----------+-------------------------------------------
     0 | D:1      | spe3d0 the Deep Elf Conjurer began the quest for the Orb.
     0 | D:1      | Reached XP level 1. HP: 10/10 MP: 6/6
   222 | D:1      | Reached XP level 2. HP: 15/15 MP: 2/8
   735 | D:1      | Reached skill level 5 in Conjurations
   872 | D:1      | Reached XP level 3. HP: 18/19 MP: 3/10
  1061 | D:1      | Reached skill level 4 in Spellcasting
  1350 | D:2      | Learned a level 2 spell: Searing Ray
  1643 | D:2      | Found an ancient bone altar of Kikubaaqudgha.
  1683 | D:2      | Reached XP level 4. HP: 24/24 MP: 5/12
  1703 | D:2      | Slain by a gnoll

Vanquished Creatures
  An adder (D:2)
  2 gnolls (D:2)
  A worm (D:2)
  5 goblins
  9 hobgoblins
  7 jackals
  3 bats
  A frilled lizard (D:1)
  7 kobolds
  8 rats
44 creatures vanquished.
